← All builds
Suicide front / Armada / Factory first / OBSERVED BUILD

Standard suicide front

Armada Suicide front build order · Supreme Isthmus

The role's baseline: Bot Lab at 0:21 then straight into reclaim-fed T1 bot production to contest the middle and hold until T2 arrives, with an Advanced Metal Extractor around 9:45.

#rush · 2038 distinct matches · 233 players · 72% of Armada Suicide front games · team won 59% of 2418 · Recently observed

HOW TO PLAY IT

Key timing: Bot Lab by 0:20

  1. Open with mex and lab-first to get Bot Lab up by 0:20.
  2. Expand mex and wind while lab pumps units toward middle.
  3. Push Sentry and early Rocketeer, Centurion to contest middle.
  4. Get T2 constructor out once Pond's boost lets you spare metal.
  5. Upgrade mex to Advanced Metal Extractor as you transition off T1 spam.

Phase by phase

TYPICAL OF ITS 2038 GAMES
  1. 1
  2. 2
  3. 3
PLAY THE OPENING

Follow the example game's first 6:00 step by step: what to build now, what comes next, and where it goes. At 1× it keeps pace with your own game.

  1. 1

    Bot Lab first

    Order
    1. Bot LabBot Lab done ~0:24, middle half 0:20–0:33

    Some games also: mex (44%)

  2. 2

    Bot Lab to 5:00

    Economy
    • Metal Extractor5Mex
    • Wind Turbine4Wind
    Builders
    • Construction Bot3 Con bot
    • Lazarus2 Lazarus
    Army
    • Sentry4 Sentry
    • Rocketeer16 Rocketeer
    • Tick2 Tick
    • Centurion1 Centurion
    Other
    • Radar Tower1 Radar Tower

    Some games also: pawn (38%) · con turret (34%)

    By 5:00 in all: 5 mex · 4 wind

    The example game in this phase · 24 steps
    1. TickTickfor Pond
    2. Mex
    3. TickTick ×2for Pond
    4. LazarusLazarus
    5. Mex
    6. LazarusLazarus ×2
    7. Construction BotCon bot
    8. CenturionCenturion
    9. Construction BotCon bot ×2
    10. Mex
    11. Construction BotCon bot
    12. Radar TowerRadar Tower
    13. RocketeerRocketeer
    14. Construction BotCon bot
    15. Mex
    16. RocketeerRocketeer ×3
    17. SentrySentry
    18. RocketeerRocketeer ×3
    19. SentrySentry
    20. RocketeerRocketeer
    21. SentrySentry
    22. RocketeerRocketeer ×3
    23. PawnPawn
    24. CenturionCenturion ×4
  3. 3

    5:00 to 10:00

    Economy
    • Metal Extractor1Mex
    • Wind Turbine15Wind
    Builders
    • Construction Turret2 Con turret
    • Lazarus2 Lazarus
    • Construction Bot1 Con bot
    Army
    • Sentry1 Sentry
    • Rocketeer8 Rocketeer

    Some games also: pawn (49%) · Radar Tower (46%) · tick (45%) · centurion (44%) · energy storage (43%) · eat Bot Lab (31%)

    By 10:00 in all: 6 mex · 21 wind · 1 energy storage · 2 con turret

    The example game in this phase · 99 steps
    1. CenturionCenturion
    2. Mex
    3. CenturionCenturion
    4. Radar TowerRadar Tower
    5. CenturionCenturion
    6. Mexfor Front
    7. CenturionCenturion
    8. RocketeerRocketeer ×7
    9. Mex
    10. TickTick
    11. SentrySentry
    12. TickTick ×4
    13. Construction BotCon bot ×2
    14. Advanced Metal ExtractorT2 mexdone 9:34
    15. Wind
    16. TickTick
    17. Mex
    18. TickTick
    19. Wind ×2
    20. Con turret
    21. Advanced Metal ExtractorT2 mex
    22. Wind ×2
    23. NettleNettle ×2
    24. Wind
    25. NettleNettle ×2
    26. Advanced Metal ExtractorT2 mex
    27. Wind
    28. Construction BotCon bot
    29. Wind ×2
    30. Construction BotCon bot
    31. Wind ×3
    32. TickTick
    33. PawnPawn
    34. Advanced Metal ExtractorT2 mex
    35. PawnPawn
    36. Wind
    37. Converter
    38. PawnPawn ×2
    39. Wind ×3
    40. PawnPawn
    41. Wind ×5
    42. CrossbowCrossbow
    43. Converter
    44. Wind ×2
    45. CrossbowCrossbow
    46. Wind ×2
    47. CrossbowCrossbow
    48. Wind
    49. CrossbowCrossbow
    50. Wind ×2
    51. Advanced Metal ExtractorT2 mex
    52. Wind ×4
    53. Converter ×2
    54. TickTick
    55. Converter
    56. Con turret
    57. Wind ×5
    58. Converter
    59. Con turret
    60. Converter
    61. Wind ×2
    62. Converter
    63. Wind
    64. Con turret
    65. CatalystCatalystnot finished by 15:00
    66. Wind
    67. Con turret
    68. Wind ×3
    69. Con turret
    70. Wind ×3
    71. Converter
    72. Wind
    73. Vehicle PlantVehicle Plantdone 14:13
    74. LazarusLazarus
    75. Vehicle PlantVehicle Plantdone 14:19
    76. Wind
    77. LazarusLazarus
    78. Wind ×2
    79. LazarusLazarus
    80. Wind ×2
    81. LazarusLazarus
    82. Wind ×2
    83. LazarusLazarus ×2
    84. Wind
    85. LazarusLazarus ×2
    86. Wind
    87. Converter
    88. Wind
    89. LazarusLazarus
    90. Wind
    91. LazarusLazarus
    92. Wind
    93. LazarusLazarus
    94. Wind
    95. LazarusLazarus
    96. Wind ×2
    97. LazarusLazarus ×2
    98. Wind ×2
    99. LazarusLazarus

Counts are medians over the build's games: half of them build more, half fewer. The example game is Private_Gator's (30 OS, 15/09/2026); pick another.

Team trades

IN AT LEAST 30% OF ITS GAMES

You hand over

Nothing regular.

You get

  • Tidal Generator4 Tidal from Pondfirst at 0:11 · in 68% of games
  • Advanced Construction Bot1 T2 con bot from Geo or Techfirst at 7:41 · in 57% of games

How it plays out

Typical game of this build, running totals by minute

Metal produced

010k20k
0:005:0010:0015:00

metal

Enemy metal destroyed

05k10k
0:005:0010:0015:00

metal

Own metal lost

05k10k
0:005:0010:0015:00

metal

2418 games.

Show as table
ByMetal produced: This buildEnemy metal destroyed: This buildOwn metal lost: This build
1:0023000
2:0088700
3:002009184130
4:003109644501
5:0041821350999
6:00534721831707
7:00653930542589
8:00775539383499
9:00904046924371
10:001041053125156
11:001188858565965
12:001357864016685
13:001539668707455
14:001730275038213
15:001925781138994
WHAT THE NUMBERS SAY

Standard Suicide front play wins a bit over half its games while taking the heaviest own losses of any role by 15:00.

  • + Produces 20142 metal by 15:00, highest of the front roles.
  • + First kill by 2:01 in all games, fastest contest of middle.
  • − Own metal lost hits 9178 by 15:00, more than enemy metal destroyed.
  • − Only 34% Rocketeer share shows army spread thin across many bot types.
THE EXAMPLE YOU ARE READING

Private_Gator

30.4 OS · 15/09/2026

Open source match ↗

40 received units · includes a constructor
48 metal received · 9627 energy received

Allied construction assistance is unknown. Timings are observations, not a promise of solo reproducibility.

Typical milestones

Bot Lab0:24Middle 50%: 0:20–0:33 · n=2410
Advanced Metal Extractor9:46Middle 50%: 8:50–10:58 · n=1749

Played most by

_X_264games of this buildPlatinumBlonde188games of this buildXad166games of this buildTrapCaT109games of this buildSoliloqueur81games of this build
Standard suicide front · Armada Suicide front build order · BAR Build Atlas